 Dungeon Crawl Stone Soup version 0.19.5 (webtiles) character file.

213 McKennaii the Archer (level 5, -6/35 HPs)
             Began as a High Elf Hunter on May 2, 2017.
             Killed from afar by an orc wizard (8 damage)
             ... with a magic dart
             ... on level 3 of the Dungeon.
             The game lasted 00:09:48 (3186 turns).

McKennaii the Archer (High Elf Hunter)              Turns: 3186, Time: 00:09:49

Health: -6/35      AC:  5    Str: 11    XL:     5   Next: 59%
Magic:  6/6        EV: 12    Int: 14    God:
Gold:   128        SH:  0    Dex: 17    Spells: 0 memorised, 4 levels left

rFire  + . .     SeeInvis .     b - +0 short sword
rCold  + . .     Gourm    .     c - +0 leather armour
rNeg   . . .     Faith    .     (no shield)
rPois  .         Spirit   .     j - +0 helmet
rElec  .         Reflect  .     x - +0 cloak
rCorr  .         Harm     .     (no gloves)
MR     .....                    (no boots)
Stlth  ++........               (no amulet)
                                r - ring of protection from cold
                                q - ring of protection from fire

@: slowed, very slow
A: no striking features
a: no special abilities


You were on level 3 of the Dungeon.
You were not hungry.

You visited 1 branch of the dungeon, and saw 4 of its levels.

You collected 128 gold pieces.

Inventory:

Hand Weapons
 a - a +1 shortbow
 b - a +0 short sword (weapon)
Armour
 c - a +0 leather armour (worn)
 j - a +0 helmet (worn)
 x - a +0 cloak (worn)
Jewellery
 q - a ring of protection from fire (left hand)
 r - a ring of protection from cold (right hand)
 v - an uncursed ring of stealth {unknown}
Scrolls
 e - 3 scrolls of fog {unknown}
 g - 2 scrolls of blinking {unknown}
 h - 3 scrolls of remove curse
 l - 3 scrolls of random uselessness {unknown}
 m - 7 scrolls of identify {unknown}
 y - a scroll of teleportation
 A - a scroll of recharging {unknown}
Potions
 n - 2 potions of brilliance {unknown}
 o - a potion of haste {unknown}
 p - a potion of magic {unknown}
 s - 3 potions of curing {unknown}
 t - a potion of heal wounds {unknown}
 u - a potion of ambrosia {unknown}
 w - a potion of berserk rage {unknown}
 z - a potion of mutation {unknown}
Comestibles
 f - 3 bread rations
 i - 2 fruits


   Skills:
 + Level 2.5 Fighting
 + Level 8.3 Bows
 + Level 1.4 Armour
 + Level 2.4 Dodging
 + Level 1.3 Stealth


You had 4 spell levels left.
You didn't know any spells.

Dungeon Overview and Level Annotations

Branches:
Dungeon (4/15)
 Temple: D:4-7

Altars:
Elyvilon
Gozag
Makhleb
Qazlal


Message History

The orc wizard casts a spell at you. The magic dart hits you!
* * * LOW HITPOINT WARNING * * *
You hit the orc wizard.
The orc wizard is heavily wounded.
The orc wizard hits you with a dagger.
* * * LOW HITPOINT WARNING * * *
The orc wizard points at you and mumbles some strange words.
The magic dart hits you!
* * * LOW HITPOINT WARNING * * *
The orc wizard closely misses you.
You barely miss the orc wizard.
The orc wizard is heavily wounded.
The orc wizard gestures wildly while chanting.
The orc wizard blinks!
The orc wizard casts a spell at you. You resist with some effort.
The orc wizard points at you and mumbles some strange words.
The magic dart hits you!
You die...

.#.....#.####.######## ####.
.#.....#.............# #.†..
.#.....######.######.# #.###
.......######.# #.# #.#
.......#......### #o# #.#
.......#........# #.# #.#
.#.#+#.#........# #.# #.#
.#...#.#...<....####o# #.#
................@...># #.#
.#.....#############.# #.###
###..#.# #.# #....
#.(#.##########################
#..#..........................#
#.(#.####.####.####.####.####.#
#..#.#..'.'..#.#..'.').#.#..#.#
#..#.#..#.#..#.#..#.#..#.#..#.#
#..#.#'##.#+##.#+##.#+##.#'##.#


You could see an orc wizard.

Vanquished Creatures
  The ghost of mezla the Shooter, an amateur CeAM (D:3)
  An orc priest (D:4)
  3 adders
  A worm (D:2)
  2 dart slugs
  2 leopard geckos
  4 orcs
  A ball python (D:2)
  9 bats
  3 giant cockroaches (D:1)
  8 goblins
  4 hobgoblins
  4 jackals
  8 frilled lizards
  10 kobolds
  4 rats
65 creatures vanquished.

Notes
Turn   | Place    | Note
-------+----------+-------------------------------------------
     0 | D:1      | McKennaii the High Elf Hunter began the quest for the Orb.
     0 | D:1      | Reached XP level 1. HP: 14/14 MP: 2/2
   107 | D:1      | Reached XP level 2. HP: 19/19 MP: 3/3
   259 | D:1      | Reached skill level 6 in Bows
  1052 | D:2      | Found an opulent altar of Gozag.
  1109 | D:2      | Found a stormy altar of Qazlal.
  1119 | D:2      | Reached XP level 3. HP: 24/24 MP: 4/4
  1824 | D:3      | Reached skill level 7 in Bows
  1824 | D:3      | Reached skill level 1 in Armour
  1824 | D:3      | Reached XP level 4. HP: 23/29 MP: 5/5
  1912 | D:3      | Found a white marble altar of Elyvilon.
  2107 | D:3      | Noticed mezla's ghost (amateur CeAM)
  2142 | D:3      | Killed mezla's ghost
  2142 | D:3      | Reached XP level 5. HP: 9/35 MP: 6/6
  2656 | D:3      | Reached skill level 8 in Bows
  2738 | D:3      | Found a burning altar of Makhleb.
  2848 | D:4      | Noticed an orc warrior
  3186 | D:3      | Killed from afar by an orc wizard

Skill      XL: |  1  2  3  4  5 |
---------------+----------------+-----
Bows           | 6 7 8 |  8.3
Armour         | 1 |  1.4
Fighting       | |  2.5
Dodging        | |  2.4
Stealth        | |  1.3

Action                   |  1- 3 |  4- 6 || total
-------------------------+-------+-------++-------
Melee: Short sword       |     4 |    32 ||    36
 Fire: Shortbow          |   111 |    47 ||   158
  Use: Scroll            |     3 |       ||     3
  Eat: Chunk             |     1 |     3 ||     4
       Meat ration       |       |     1 ||     1
Armor: Leather armour    |    12 |    16 ||    28
Dodge: Dodged            |    19 |    23 ||    42
